 Dungeon Crawl Stone Soup version 0.30.0-19-g36f170ea60 (webtiles) character file.

Game seed: 8230982107153129948

12915 McKennaii the Destroyer (level 11, -10/74 HPs)
             Began as a Demigod Conjurer on May 31, 2023.
             Shot with an arrow by a centaur warrior (13 damage)
             ... on level 13 of the Dungeon.
             The game lasted 00:21:31 (13339 turns).

McKennaii the Destroyer (Demigod Conjurer)         Turns: 13339, Time: 00:21:31

Health: -10/74     AC:  9    Str:  8    XL:     11   Next: 41%
Magic:  10/30      EV: 11    Int: 38    God:
Gold:   570        SH:  0    Dex: 17    Spells: 25/32 levels left

rFire   + . .        L - +5 falchion of Ignis's Reproof {freeze, rElec rF+ Dex+5}
rCold   . . .        (no shield)
rNeg    . . .        N - +0 acid dragon scales
rPois   +            l - +1 hat {Will+}
rElec   +            h - +0 cloak
rCorr   +            (no gloves)
SInv    .            (no boots)
Will    ++...        (no amulet)
Stlth   ++           f - +6 ring of intelligence
HPRegen 0.32/turn    m - ring of poison resistance
MPRegen 0.22/turn

%: no passive effects
@: no status effects
A: high MP 1, forlorn, divine attributes
a: no special abilities


You were on level 13 of the Dungeon.
You visited 1 branch of the dungeon, and saw 13 of its levels.

You collected 695 gold pieces.
You spent 125 gold pieces at shops.

Inventory:

Hand Weapons
 L - the +5 falchion of Ignis's Reproof (weapon) {freeze, rElec rF+ Dex+5}
   (You found it on level 9 of the Dungeon)

   Dex:       It affects your dexterity (+5).
   rF:        It protects you from fire.
   rElec:     It insulates you from electricity.
Armour
 h - a +0 cloak (worn)
 l - a +1 hat of willpower (worn)
 N - +0 acid dragon scales (worn)
Jewellery
 a - a +4 ring of protection
 f - a +6 ring of intelligence (left hand)
 m - a ring of poison resistance (right hand)
 o - a ring of resist corrosion
 B - a ring of protection from cold
 K - a ring of positive energy
Wands
 u - a wand of flame (26)
 w - a wand of quicksilver (1)
 x - a wand of polymorph (5)
 I - a wand of paralysis (5)
 M - a wand of digging (4)
Scrolls
 d - 6 scrolls of identify
 e - 5 scrolls of teleportation
 g - a scroll of enchant weapon
 i - 2 scrolls of magic mapping
 j - a scroll of brand weapon
 k - a scroll of enchant armour
 n - 2 scrolls of blinking
 p - a scroll of amnesia {unknown}
 r - 3 scrolls of immolation
 y - 3 scrolls of vulnerability
 A - a scroll of silence {unknown}
 C - a scroll of fog {unknown}
 F - a scroll of noise {unknown}
 H - a scroll of fear {unknown}
 J - a scroll of summoning
Potions
 b - a potion of magic
 c - 2 potions of heal wounds
 q - 2 potions of flight {unknown}
 s - a potion of mutation {unknown}
 v - 2 potions of invisibility {unknown}
 z - 6 potions of attraction {unknown}
 D - 6 potions of curing
 E - a potion of degeneration {unknown}
 G - 2 potions of might {unknown}
 O - a potion of haste


   Skills:
 + Level 3.4 Armour
 - Level 1.7 Dodging
 - Level 1.7 Stealth
 + Level 11.2 Spellcasting
 + Level 12.5 Conjurations


You had 25 spell levels left.
You knew the following spells:

 Your Spells              Type           Power      Damage    Failure   Level
a - Magic Dart            Conj           100%       1d8       1%          1
b - Searing Ray           Conj           100%       2d8       1%          2
c - Iskenderun's Mystic   Conj/Tloc      62%        2d13      2%          4

Your spell library contained the following spells:

 Spells                   Type           Power      Damage    Failure   Level
 Shock                    Conj/Air       100%       1d9       1%          1
 Dazzling Flash           Conj/Hex       100%       N/A       1%          3
 Mephitic Cloud           Conj/Pois/Air  52%        N/A       1%          3
 Fulminant Prism          Conj/Hex       31%        3d15      2%          4
 Summon Small Mammal      Summ           84%        N/A       3%          1
 Call Imp                 Summ           42%        N/A       4%          2
 Call Canine Familiar     Summ           21%        N/A       9%          3
 Portal Projectile        Hex/Tloc       42%        N/A       9%          3
 Summon Guardian Golem    Hex/Summ       21%        N/A       9%          3
 Swiftness                Air            21%        N/A       9%          3
 Airstrike                Air            10%        2d(2-18)  30%         4
 Leda's Liquefaction      Hex/Erth       10%        N/A       30%         4
 Manifold Assault         Tloc           21%        N/A       30%         4
 Lee's Rapid Deconstruct  Erth           10%        3d8*      63%         5
 Dispersal                Tloc           10%        N/A       99%         6
 Statue Form              Tmut/Erth      14%        N/A       99%         6
 Disjunction              Tloc           10%        N/A       100%        8


Dungeon Overview and Level Annotations

Branches:
Dungeon (14/15)            Temple (0/1) D:7            Lair (0/5) D:8
    Orc (0/2) D:10         Vaults (0/5) D:13

Shops:
D:8 *

Annotations:
D:10 1 runed translucent door, FishyPogo's ghost, journeyman DEAE


Innate Abilities, Weirdness & Mutations

You have an increased reservoir of magic. (+10% MP)
You shall have no god before yourself.
Your divine heritage dramatically boosts your attributes as you level up.


Message History

Press: ? - help, Shift-Dir - straight line, f - centaur warrior
Aim: a centaur warrior (wandering, hasn't noticed you, chance to affect: 31%)
Okay, then.
Aiming: Paralyse
Press: ? - help, Shift-Dir - straight line, f - centaur warrior
Aim: a centaur warrior (wandering, hasn't noticed you, chance to affect: 31%)
The centaur warrior shouts!
The centaur warrior easily resists.
You feel yourself speed up.
The centaur warrior wields a +0 longbow.
The centaur warrior shoots an arrow.
The arrow hits you!
The centaur warrior shoots an arrow.
The arrow hits you.
Unknown command.
Aiming: Paralyse
Press: ? - help, Shift-Dir - straight line, f/p - centaur warrior
Aim: a centaur warrior, wielding a +0 longbow (chance to affect: 31%)
The centaur warrior easily resists.
The centaur warrior shoots an arrow.
The arrow hits you!
Unknown command.
Unknown command.
Unknown command.
Aiming: Paralyse
Press: ? - help, Shift-Dir - straight line, f/p - centaur warrior
Aim: a centaur warrior, wielding a +0 longbow (chance to affect: 31%)
The centaur warrior easily resists.
The centaur warrior shoots an arrow.
The arrow hits you!
* * * LOW HITPOINT WARNING * * *
The centaur warrior shoots an arrow.
The arrow hits you!
* * * LOW HITPOINT WARNING * * *
Aiming: Paralyse
Press: ? - help, Shift-Dir - straight line, f/p - centaur warrior
Aim: a centaur warrior, wielding a +0 longbow (chance to affect: 31%)
The centaur warrior easily resists.
Unknown command.
Aiming: Paralyse
Press: ? - help, Shift-Dir - straight line, f/p - centaur warrior
Aim: a centaur warrior, wielding a +0 longbow (chance to affect: 31%)
The centaur warrior easily resists.
The centaur warrior shoots an arrow.
The arrow hits you!
You die...

#..# #...............
#.### #..............#
#.#.## ##...).).......#
#....#####..))).)....##
#......>##..>))......#
#...................##
#......##..[).....###
##.......#####......#
#......@..# ######...
#..c.......# ###.
#...........#
#...........#
#...........#
...........#
...(......##
#.........#


You could see a centaur warrior.

Vanquished Creatures
  Gastronok (D:9)
  A hydra (D:14)
  2 two-headed ogres (D:9)
  Pikel (D:8)
  A deep elf pyromancer (D:8)
  A gargoyle (D:13)
  An unseen horror (D:11)
  6 trolls
  A wyvern (D:9)
  A vampire (D:10)
  6 yaks (D:11)
  2 wraiths
  A vampire mosquito (D:13)
  Grum (D:11)
  2 steam dragons
  2 wargs (D:8)
  2 acid dragons (D:11)
  2 water moccasins
  3 orc warriors
  2 sky beasts (D:7)
  An ice beast (D:8)
  A black bear (D:7)
  3 wolves (D:11)
  An ogre (D:5)
  5 centaurs
  2 phantoms (D:7)
  3 lemures (D:8)
  A kobold brigand (D:8)
  8 bullfrogs
  2 gnoll sergeants
  3 scorpions
  20 killer bees
  7 howler monkeys
  4 hounds
  8 orc priests
  2 iguanas
  2 sleepcaps
  Jessica (D:2)
  Ijyb (D:3)
  16 orc wizards
  16 gnolls
  10 adders
  2 white imps
  A worm (D:2)
  4 dart slugs
  38 orcs
  7 endoplasms
  3 giant cockroaches
  10 goblins
  12 hobgoblins
  14 kobolds
  5 quokkas
  5 ball pythons
  10 bats
  5 frilled lizards
  5 rats
277 creatures vanquished.

Notes
Turn   | Place    | Note
-------+----------+-------------------------------------------
     0 | D:1      | McKennaii the Demigod Conjurer began the quest for the Orb.
     0 | D:1      | Reached XP level 1. HP: 14/14 MP: 5/5
   295 | D:1      | Reached XP level 2. HP: 20/20 MP: 4/7
   458 | D:1      | Reached skill level 4 in Conjurations
   955 | D:1      | Reached XP level 3. HP: 26/26 MP: 7/9
  1097 | D:2      | Learned a level 2 spell: Searing Ray
  1243 | D:2      | Noticed Jessica
  1247 | D:2      | Killed Jessica
  1475 | D:2      | Reached XP level 4. HP: 25/33 MP: 6/11
  1579 | D:2      | Learned a level 4 spell: Iskenderun's Mystic Blast
  2078 | D:3      | Noticed Ijyb
  2623 | D:4      | Reached skill level 5 in Conjurations
  2623 | D:4      | Reached XP level 5. HP: 38/38 MP: 7/13
  3320 | D:4      | Reached XP level 6. HP: 44/45 MP: 11/15
  4008 | D:3      | Killed Ijyb
  4205 | D:5      | Entered Level 5 of the Dungeon
  4281 | D:5      | Noticed a water moccasin
  4288 | D:5      | Killed a water moccasin
  4379 | D:5      | Reached skill level 6 in Conjurations
  4548 | D:5      | Reached XP level 7. HP: 13/50 MP: 0/17
  4668 | D:5      | Reached skill level 5 in Spellcasting
  5210 | D:6      | Reached skill level 7 in Conjurations
  6025 | D:7      | Reached XP level 8. HP: 57/57 MP: 13/20
  6079 | D:7      | Noticed a troll
  6204 | D:7      | Killed a troll
  6205 | D:7      | Reached skill level 8 in Conjurations
  6508 | D:7      | Found a staircase to the Ecumenical Temple.
  7299 | D:8      | Reached XP level 9. HP: 58/62 MP: 17/24
  7329 | D:8      | Reached skill level 9 in Conjurations
  7647 | D:8      | Found a staircase to the Lair.
  7902 | D:8      | Noticed Pikel
  7913 | D:8      | Killed Pikel
  8061 | D:8      | Noticed a deep elf pyromancer
  8066 | D:8      | Killed a deep elf pyromancer
  8067 | D:8      | Reached skill level 10 in Conjurations
  8761 | D:8      | Found Sec Wiargh's General Store.
  8774 | D:8      | Bought a scroll of teleportation for 30 gold pieces
  8774 | D:8      | Bought a scroll of summoning for 95 gold pieces
  8903 | D:8      | Reached XP level 10. HP: 42/69 MP: 22/27
  9242 | D:9      | Identified the +5 falchion of Ignis's Reproof {freeze,
                  | rElec rF+ Dex+5}
  9286 | D:9      | Noticed a two-headed ogre
  9850 | D:9      | Noticed a two-headed ogre
  9857 | D:9      | Killed a two-headed ogre
  9858 | D:9      | Reached skill level 11 in Conjurations
 10203 | D:9      | Killed a two-headed ogre
 10204 | D:9      | Reached skill level 10 in Spellcasting
 10353 | D:9      | Noticed Gastronok
 10378 | D:9      | Killed Gastronok
 10601 | D:10     | Entered Level 10 of the Dungeon
 10601 | D:10     | Noticed FishyPogo's ghost (journeyman DEAE)
 10601 | D:10     | Found a runed translucent door.
 11344 | D:10     | Found a staircase to the Orcish Mines.
 11452 | D:10     | Reached skill level 12 in Conjurations
 11936 | D:11     | Reached XP level 11. HP: 71/74 MP: 14/30
 12227 | D:11     | Reached skill level 1 in Armour
 12595 | D:11     | Noticed Grum
 12607 | D:11     | Killed Grum
 12898 | D:11     | You fall into a shaft and drop 3 floors!
 12902 | D:14     | Noticed a deep elf pyromancer
 12918 | D:14     | Noticed a six-headed hydra
 12928 | D:14     | Killed a six-headed hydra
 13314 | D:13     | Noticed an ironbound preserver
 13317 | D:13     | Found a gate to the Vaults.
 13331 | D:13     | Noticed a centaur warrior
 13334 | D:13     | Noticed a centaur warrior
 13337 | D:13     | HP: 2/74 [centaur warrior/arrow (8)]
 13339 | D:13     | Shot with an arrow by a centaur warrior

Illustrated notes

Levels and vault maps discovered:
D:1:      wander_arrival_fairy_ring, layout_rooms, serial_bayou_pond_d,
          kennysheep_flooded_box
D:2:      layout_rooms, serial_rivers, chequers_serial_rivers_large_b,
          chequers_serial_rivers_micro_d, chequers_serial_rivers_marsh,
          chequers_serial_rivers_micro_d, chequers_serial_rivers_small_b,
          chequers_serial_rivers_marsh, minmay_pentomino_s2, uniq_jessica
D:3:      layout_rooms, uniq_ijyb
D:4:      layout_basic
D:5:      layout_rooms, minmay_misc_feat_ornament
D:6:      hellmonk_ruined_rings, layout_rooms, ebering_dispersal_statue_hall
D:7:      layout_cave_pools, minmay_temple_entry_purple_smoke
D:8:      layout_basic, erik_lair_orcish_takeover, serial_shops, shop,
          grunt_ministairs_2, uniq_pikel
D:9:      layout_basic, okawaru_altar_gauntlet_db, uniq_gastronok
D:10:     layout_loops_cross, minmay_orc_entry_temple_small,
          gammafunk_ghost_grave
D:11:     layout_roguey, uniq_grum
D:13:     layout_cave_pods, skrybe_vaults_entry_preservation
D:14:     layout_irregular_city, serial_park_gazebo
          [serial_park_minivault_5x5_3]

Skill      XL: |  1  2  3  4  5  6  7  8  9 10 11 |
---------------+----------------------------------+-----
Spellcasting   | 2 3 4 6 7 9 10 11 | 11.2
Conjurations   | 4 5 6 7 8 10 12 | 12.5
Armour         | 3 |  3.4
Dodging        | |  1.7
Stealth        | |  1.7

Action                     |  1- 3 |  4- 6 |  7- 9 | 10-12 || total
---------------------------+-------+-------+-------+-------++-------
  Melee: Unarmed           |       |     1 |       |       ||     1
         Rapier            |       |       |     3 |       ||     3
         Falchion          |       |       |       |    10 ||    10
   Cast: Magic Dart        |    87 |   116 |   172 |    47 ||   422
         Searing Ray       |     1 |    14 |    54 |    68 ||   137
         Iskenderun's Myst |       |       |    11 |    45 ||    56
  Evoke: Wand              |       |     1 |     1 |    12 ||    14
    Use: Potion            |       |     2 |       |       ||     2
         Scroll            |       |       |     9 |     2 ||    11
 Armour: Robe              |    13 |     6 |    11 |    11 ||    41
         Acid dragon scale |       |       |       |     8 ||     8
         Troll leather arm |       |       |       |     3 ||     3
  Dodge: Dodged            |    34 |    12 |    51 |    64 ||   161
